 Dungeon Crawl Stone Soup version 0.27-a0-1301-g128193abf8 (webtiles) character file.

Game seed: 4407470338580066665

4447 27snakeeyes612 the Fighter (level 10, -3/138 HPs)
             Began as a Minotaur Berserker on June 17, 2021.
             Was a High Priest of Trog.
             Slain by a two-headed ogre (14 damage)
             ... on level 8 of the Dungeon.
             The game lasted 00:05:24 (9083 turns).

27snakeeyes612 the Fighter (Minotaur Berserker)     Turns: 9083, Time: 00:05:25

Health: -3/138     AC: 19    Str: 26    XL:     10   Next: 15%
Magic:  9/9        EV:  9    Int:  4    God:    Trog [*****.]
Gold:   428        SH:  0    Dex:  9    Spells: 9/9 levels left

rFire    . . .     SeeInvis +   H - +3 battleaxe (flame)
rCold    . . .     Faith    +   (shield currently unavailable)
rNeg     . . .     Spirit   .   y - +0 plate armour
rPois    .         Reflect  .   (helmet restricted)
rElec    .         Harm     .   (no cloak)
rCorr    .         Rampage  .   F - +0 pair of gloves
Will     ++...                  (no boots)
Stlth    ..........             s - amulet of faith
HPRegen  1.33/turn              w - +4 ring of protection
MPRegen  0.11/turn              q - ring of see invisible

@: berserking, lethally poisoned (-3 -> -3), strong-willed, regenerating, very
quick
A: horns 2, retaliatory headbutt
a: Renounce Religion, Berserk, Trog's Hand, Brothers in Arms


You were on level 8 of the Dungeon.
You worshipped Trog.
Trog was extremely pleased with you.
You visited 1 branch of the dungeon, and saw 8 of its levels.

You collected 428 gold pieces.

Inventory:

Hand Weapons
 a - a +0 hand axe
 e - a +3 executioner's axe of venom
 i - a +0 hand axe of freezing
 p - a +0 war axe of draining
 z - a +0 mace
 H - a +3 battleaxe of flaming (weapon)
Armour
 b - a +0 animal skin
 c - a +0 ring mail
 y - a +0 plate armour (worn)
 F - a +0 pair of gloves (worn)
Jewellery
 q - a ring of see invisible (right hand)
 s - an amulet of faith (around neck)
 t - a ring of ice
 w - a +4 ring of protection (left hand)
 C - a +6 ring of dexterity
 E - a ring of ice
Wands
 r - a wand of polymorph (17)
 u - a wand of flame (39)
 J - a wand of acid (7)
Scrolls
 d - a scroll of immolation
 f - 6 scrolls of teleportation
 g - 2 scrolls of blinking
 l - 3 scrolls of noise
 o - a scroll of identify
 A - a scroll of magic mapping {unknown}
 D - a scroll of amnesia {unknown}
 I - a scroll of enchant weapon {unknown}
 K - a scroll of enchant armour {unknown}
Potions
 h - a potion of heal wounds
 j - 7 potions of curing
 k - 2 potions of invisibility
 m - 2 potions of mutation
 n - 2 potions of brilliance
 v - a potion of magic
 x - 2 potions of attraction {unknown}
 B - a potion of might
 G - a potion of flight {unknown}


   Skills:
 + Level 9.6 Fighting
 + Level 9.6 Axes
 + Level 9.2 Armour
 + Level 8.4 Dodging


You had 9 spell levels left.
You didn't know any spells.
Your spell library was empty.

Dungeon Overview and Level Annotations

Branches:
Dungeon (8/15)             Temple (0/1) D:4
   Lair: D:8-11

Altars:
Cheibriados
Nemelex Xobeh
Ru
Sif Muna
Trog
Yredelemnul

Shops:
D:1 (


Innate Abilities, Weirdness & Mutations

You have a pair of horns on your head.
You reflexively headbutt those who attack you in melee.


Message History

You feel strong-willed. The killer bee barely misses you.
The killer bee stings you.
The killer bee stings you but does no damage.
The orc warrior hits you but does no damage.
The killer bee stings you but does no damage. x2
The two-headed ogre closely misses you. You furiously retaliate!
You headbutt the two-headed ogre!
The two-headed ogre hits you with a +0 great mace.
* * * LOW HITPOINT WARNING * * *
The killer bee stings you but does no damage.
A red film seems to cover your vision as you go berserk!
You feel yourself moving faster!
You feel mighty! The killer bee closely misses you. The killer bee stings you.
* * * LOW HITPOINT WARNING * * *
You are poisoned.
The killer bee poisons you!
The killer bee stings you but does no damage.
The orc warrior hits you but does no damage.
The killer bee stings you but does no damage.
The killer bee barely misses you. You furiously retaliate!
You headbutt the killer bee. The killer bee closely misses you.
You closely miss the orc warrior. You headbutt the orc warrior!
The orc warrior is almost dead.
You slash the two-headed ogre! You burn the two-headed ogre.
You slice the killer bee!! You burn the killer bee.
You kill the killer bee!
Trog accepts your kill.
You slash the killer bee! You burn the killer bee.
You kill the killer bee!
Trog accepts your kill.
You slash the killer bee! You burn the killer bee.
You kill the killer bee!
Trog accepts your kill.
You feel sick.
The orc warrior hits you with a +0 halberd!
* * * LOW HITPOINT WARNING * * *
The two-headed ogre hits you with a +0 giant club!
* * * LOW HITPOINT WARNING * * *
The two-headed ogre hits you with a +0 great mace!
You die...

#.. #### .#........####..##..#
.............#......# #.....>....
.#......+ #........#..+......#
##........#..#(.....#
#............#......#
#.....Ooy..# #..##..#
#.....@†.####..##).####
##..##..##............# #
#..............<...#
#..................+
#.....##....##....##
##############....#####+##
#.....###...##............
########.......#....#............
#......##......#....#.....)......


You could see a two-headed ogre, an orc warrior and a killer bee.

Vanquished Creatures
  A two-headed ogre (D:8)
  Sigmund (D:3)
  3 humans (D:7)
  Duvessa (D:4)
  2 black bears (D:5)
  2 necrophages
  2 ogres
  3 centaurs
  2 kobold brigands (D:8)
  3 bullfrogs
  2 gnoll sergeants
  A scorpion (D:4)
  2 water moccasin skeletons
  A water moccasin zombie (D:6)
  Dowan (D:4)
  3 killer bees (D:8)
  A wight (D:8)
  A howler monkey (D:6)
  4 bullfrog zombies (D:5)
  A centaur zombie (D:5)
  3 hounds
  A jelly (D:5)
  5 orc priests
  A centaur skeleton (D:7)
  A bullfrog skeleton (D:6)
  2 gnoll shamans
  Terence (D:2)
  5 orc wizards
  2 iguanas
  Natasha (thrice) (D:2)
  4 hell rats (D:7)
  A howler monkey zombie (D:5)
  24 gnolls
  2 howler monkey skeletons
  10 adders
  20 river rats
  A white imp (D:6)
  2 ufetubi
  3 adder skeletons (D:4)
  5 worms
  3 dart slugs
  26 orcs
  8 endoplasms
  2 giant cockroaches
  6 goblins
  6 hobgoblins
  4 jackals (D:5)
  5 quokkas
  8 ball pythons
  4 bats
  2 frilled lizards
  18 kobolds
  4 rats
229 creatures vanquished.

Notes
Turn   | Place    | Note
-------+----------+-------------------------------------------
     0 | D:1      | 27snakeeyes612 the Minotaur Berserker began the quest for
                  | the Orb.
     0 | D:1      | Reached XP level 1. HP: 19/19 MP: 0/0
   162 | D:1      | Reached XP level 2. HP: 22/27 MP: 1/1
   268 | D:1      | Found Woloi's Antique Weapon Boutique.
   491 | D:1      | Found a faded altar of an unknown god.
   886 | D:2      | Noticed Terence
   890 | D:2      | Killed Terence
   891 | D:2      | Reached XP level 3. HP: 25/34 MP: 2/2
  1049 | D:2      | Reached ** piety under Trog
  1319 | D:2      | Reached XP level 4. HP: 41/41 MP: 3/3
  1495 | D:2      | Noticed Natasha
  1505 | D:2      | Killed Natasha
  1765 | D:2      | Found a basalt altar of Yredelemnul.
  1826 | D:2      | Noticed Natasha
  1828 | D:2      | Killed Natasha
  2038 | D:2      | Noticed Natasha
  2043 | D:2      | Killed Natasha
  2044 | D:2      | Reached XP level 5. HP: 39/47 MP: 4/4
  2372 | D:3      | Noticed Sigmund
  2381 | D:3      | Killed Sigmund
  2382 | D:3      | Reached skill level 5 in Fighting
  2382 | D:3      | Reached skill level 5 in Axes
  2382 | D:3      | Reached XP level 6. HP: 56/56 MP: 5/5
  2958 | D:3      | Found a bloodstained altar of Trog.
  3085 | D:4      | Found a staircase to the Ecumenical Temple.
  3223 | D:4      | Noticed Duvessa
  3223 | D:4      | Noticed Dowan
  3233 | D:4      | Killed Dowan
  3234 | D:4      | Killed Duvessa
  3235 | D:4      | Reached XP level 7. HP: 62/62 MP: 6/6
  3571 | D:4      | Reached skill level 5 in Armour
  3593 | D:4      | Reached *** piety under Trog
  4389 | D:5      | Entered Level 5 of the Dungeon
  4420 | D:5      | Reached skill level 5 in Dodging
  4749 | D:5      | Reached XP level 8. HP: 69/71 MP: 7/7
  5030 | D:5      | Found a basalt altar of Yredelemnul.
  5757 | D:5      | Found a sparkling altar of Nemelex Xobeh.
  6057 | D:6      | Reached **** piety under Trog
  6069 | D:6      | Identified a scroll of acquirement
  6069 | D:6      | Acquired a +3 executioner's axe of venom
  6696 | D:6      | Found a glowing drain.
  6873 | D:6      | Found a sacrificial altar of Ru.
  6992 | D:6      | Reached XP level 9. HP: 71/81 MP: 8/8
  7048 | D:6      | Found a shimmering blue altar of Sif Muna.
  7689 | D:7      | Reached ***** piety under Trog
  8219 | D:7      | Received a gift from Trog
  8274 | D:7      | Found the +2 ratskin cloak {*Rats rPois rN+ Str-1 Int-1
                  | Dex+1}
  8335 | D:7      | Found a snail-covered altar of Cheibriados.
  8554 | D:8      | Noticed a two-headed ogre
  8565 | D:8      | Killed a two-headed ogre
  8566 | D:8      | Reached XP level 10. HP: 91/91 MP: 9/9
  9073 | D:8      | Noticed a two-headed ogre
  9083 | D:8      | Slain by a two-headed ogre

Illustrated notes

Levels and vault maps discovered:
D:1:      zelgadis_glass_arrival_small, layout_loops_ring,
          ebering_ecumenical_altar_box, serial_shops, nicolae_shop_behind_doors,
          serial_glass, glass_columns_a, glass_columns_b
D:2:      minmay_spotlight, layout_basic, basic_altar, minmay_close_crescents,
          uniq_natasha, uniq_terence
D:3:      layout_loops_corners, lemuel_coloured_pillars_altar, serial_glass,
          glass_columns_a, glass_columns_b, uniq_sigmund
D:4:      minmay_octagon_keep, layout_loops_ring, minmay_temple_entry_mist,
          uniq_duvessa
D:5:      layout_layer_cave, nicolae_yredelemnul_corpse_copse, kennysheep_mini,
          kennysheep_generic_room_3
D:6:      layout_basic, nicolae_ru_the_path_less_chosen, old_standard_altar,
          lightli_sewer_entry_pipes, kennysheep_big_empty_room
D:7:      wander_guarded_unrand_ratskin, layout_rooms, cheibriados_altar_1,
          minmay_ruffians
D:8:      layout_gridville, st_stairs_5, grunt_tough_drop

Skill      XL: |  1  2  3  4  5  6  7  8  9 |
---------------+----------------------------+-----
Fighting       | 4 5 6 8 9 |  9.6
Axes           | 4 5 6 8 9 |  9.6
Armour         | 3 4 5 7 9 |  9.2
Dodging        | 3 4 5 6 8 |  8.4

Action                   |  1- 3 |  4- 6 |  7- 9 | 10-12 || total
-------------------------+-------+-------+-------+-------++-------
Melee: Hand axe          |    61 |    66 |   169 |       ||   296
       Headbutt          |    12 |    10 |    64 |     7 ||    93
       Executioner's axe |       |       |   148 |       ||   148
       Battleaxe         |       |       |    15 |    25 ||    40
Invok: Berserk           |       |     2 |     1 |     1 ||     4
       Trog's Hand       |       |     1 |       |     1 ||     2
  Use: Scroll            |       |       |    12 |       ||    12
Armor: Ring mail         |    26 |    25 |    14 |       ||    65
       Plate armour      |       |       |   254 |    42 ||   296
Dodge: Dodged            |    34 |    33 |   206 |    25 ||   298

Table legend: (Time is in decaauts)
 A = Elapsed time spent in this place.
 B = Non-inter-level travel time spent in this place.
 C = Inter-level travel time spent in this place.
 D = Time resting spent in this place.
 E = Time spent auto-exploring this place.
 F = Levels seen in this place.
 G = Mean time per level.
                   A        B        C        D        E       F      G
               +--------+--------+--------+--------+--------+-----+--------+
         Total |   9259 |   8948 |    311 |    107 |   7709 |   8 | 1157.4 |
       Dungeon |   9259 |   8948 |    311 |    107 |   7709 |   8 | 1157.4 |
               +--------+--------+--------+--------+--------+-----+--------+

Top non-repeatable levels by time:
     D:5: 1644 daAuts
     D:6: 1439 daAuts
     D:4: 1363 daAuts
     D:2: 1286 daAuts
     D:7: 1203 daAuts
     D:1: 888 daAuts
     D:3: 886 daAuts
     D:8: 546 daAuts
